 Dungeon Crawl Stone Soup version 0.25.0-37-gb73750e0fb (webtiles) character file.

Game seed: 4696956777803755166

1378 Ethylacetat the Spear-Bearer (level 8, -5/64 HPs)
             Began as a Demonspawn Gladiator on July 8, 2020.
             Was a Follower of Trog.
             Slain by an orc warrior
             ... wielding a +1 scimitar of holy wrath
              (15 damage)
             ... on level 5 of the Dungeon.
             The game lasted 00:09:54 (4843 turns).

Ethylacetat the Spear-Bearer (Demonspawn Gladiator) Turns: 4843, Time: 00:09:54

Health: -5/64      AC: 10    Str: 17    XL:     8   Next: 39%
Magic:  8/8        EV: 12    Int:  9    God:    Trog [*.....]
Gold:   193        SH:  0    Dex: 15    Spells: 7/7 levels left

rFire    + . .     SeeInvis .   a - +0 trident
rCold    . . .     Gourm    .   (no shield)
rNeg     . . .     Faith    .   l - +0 chain mail (curse)
rPois    .         Spirit   .   n - +0 hat {MR+}
rElec    .         Reflect  .   (no cloak)
rCorr    .         Harm     .   (no gloves)
MR       +....                  (boots unavailable)
Stlth    ..........             h - amulet of magic regeneration
HPRegen  0.20/turn              g - +4 ring of evasion
MPRegen  0.36/turn              j - ring of protection from fire

@: no status effects
A: hooves 3, molten scales 1
a: Berserk, Renounce Religion


You were on level 5 of the Dungeon.
You worshipped Trog.
Trog was aware of your devotion.
You were not hungry.

You visited 2 branches of the dungeon, and saw 6 of its levels.

You collected 193 gold pieces.

Inventory:

Hand Weapons
 a - a +0 trident (weapon)
Missiles
 d - 5 throwing nets (quivered)
Armour
 l - a cursed +0 chain mail (worn)
 n - a +0 hat of magic resistance (worn)
Jewellery
 g - a +4 ring of evasion (left hand)
 h - an amulet of magic regeneration (around neck)
 j - a ring of protection from fire (right hand)
Wands
 w - a wand of digging (2)
Scrolls
 k - 6 scrolls of identify {unknown}
 m - 4 scrolls of amnesia {unknown}
 o - a scroll of enchant armour {unknown}
 p - 2 scrolls of blinking {unknown}
 t - a scroll of remove curse {unknown}
 u - a scroll of enchant weapon {unknown}
 x - 2 scrolls of fog {unknown}
Potions
 b - 3 potions of flight {unknown}
 c - a potion of might {unknown}
 e - a potion of berserk rage {unknown}
 i - a potion of heal wounds {unknown}
 q - a potion of mutation {unknown}
 r - a potion of invisibility {unknown}
 s - a potion of lignification {unknown}
 v - a potion of stabbing {unknown}
 A - a potion of resistance {unknown}
 B - a potion of curing {unknown}
Comestibles
 f - 7 rations
 z - 5 chunks of flesh


   Skills:
 + Level 6.2 Fighting
 * Level 8.2 Polearms
 - Level 1.7 Throwing
 - Level 2.6 Dodging


You had 7 spell levels left.
You didn't know any spells.
Your spell library contained the following spells:

 Spells                   Type           Power        Failure   Level  Hunger
 Beastly Appendage        Tmut           #.....       100%        1    ##.....
 Sticks to Snakes         Tmut           #.......     100%        2    ###....
 Spider Form              Tmut/Pois      #.........   100%        3    ####...
 Ice Form                 Ice/Tmut       #.......     100%        4    #####..
 Blade Hands              Tmut           #.........   100%        5    ######.


Dungeon Overview and Level Annotations

Branches:
Dungeon (5/15)             Temple (1/1) D:4

Altars:
Ashenzari
Cheibriados
Fedhas
Gozag
Hepliaklqana
Kikubaaqudgha
Nemelex Xobeh
Qazlal
Sif Muna
Trog
Xom
Yredelemnul
Zin
The Shining One


Innate Abilities, Weirdness & Mutations

You have hooves in place of feet.
You are partially covered in molten scales. (AC +2)


Message History

The orc warrior is healed somewhat.
Your chain mail prevents you from hitting the orc warrior.
Your kick misses the orc warrior.
The orc warrior is moderately wounded.
The orc wizard gestures wildly while chanting.
The orc wizard blinks!
The orc warrior hits you with a +1 scimitar of holy wrath!
You convulse!!
* * * LOW HITPOINT WARNING * * *
The orc wizard gestures wildly while chanting.
The orc wizard blinks!
Attack whom?
Press: ? - help, Dir - move target cursor, f - orc priest
Aim: an orc priest, wielding a +0 club (moderately wounded)
The orc warrior is in the way.
You hit the orc warrior but do no damage.
You kick the orc warrior, but do no damage.
The orc warrior is moderately wounded.
The orc warrior hits you with a +1 scimitar of holy wrath!
You die...

...# ##..# #. #..#
...#.. #..### # #..#.
##....####.##...
#.............o#
#.....# #.##..# ..#...#
#...ยง.# ###### ..#####
####.o##.....## .....#
#.oo@....... #.##.#
#.####.###.# ...#.#
#####........
.#.#.####.....####.....
.#.#.##.#.....# #.#
.....#........# .
.#.##.........#
.#)#.......^..#
...)........###


You could see an orc warrior, an orc priest and an orc.

Vanquished Creatures
  A phantom (D:5)
  2 ogres (D:4)
  A big kobold (D:4)
  A bullfrog (D:5)
  2 water moccasin skeletons (D:4)
  A bullfrog zombie (D:5)
  2 bullfrog skeletons (D:4)
  A hound (D:4)
  2 orc priests
  7 orc wizards
  Natasha (thrice) (D:3)
  4 worker ants
  A hound skeleton (D:5)
  11 gnolls
  8 adders
  2 oozes
  4 worms
  5 leopard geckos
  16 orcs
  2 ball pythons
  4 giant cockroaches
  7 hobgoblins
  14 jackals
  7 quokkas
  6 bats
  7 frilled lizards
  8 goblins
  32 kobolds
  3 leopard gecko skeletons
  10 rats
174 creatures vanquished.

Notes
Turn   | Place    | Note
-------+----------+-------------------------------------------
     0 | D:1      | Ethylacetat the Demonspawn Gladiator began the quest for
                  | the Orb.
     0 | D:1      | Reached XP level 1. HP: 16/16 MP: 1/1
   133 | D:1      | Reached skill level 3 in Polearms
   138 | D:1      | Gained mutation: You have large cloven feet. [demonic
                  | ancestry]
   138 | D:1      | Reached XP level 2. HP: 20/22 MP: 2/2
   563 | D:1      | Reached XP level 3. HP: 26/28 MP: 3/3
   968 | D:2      | Reached skill level 4 in Polearms
   968 | D:2      | Gained mutation: You have hoof-like feet. [demonic
                  | ancestry]
   968 | D:2      | Reached XP level 4. HP: 35/35 MP: 4/4
  1634 | D:2      | Gained mutation: You have hooves in place of feet. [demonic
                  | ancestry]
  1634 | D:2      | Reached XP level 5. HP: 41/41 MP: 5/5
  1943 | D:3      | Reached skill level 5 in Polearms
  2067 | D:3      | Noticed Natasha
  2071 | D:3      | Killed Natasha
  2109 | D:3      | Gained mutation: You are partially covered in molten
                  | scales. (AC +2) [demonic ancestry]
  2109 | D:3      | Reached XP level 6. HP: 46/48 MP: 6/6
  2221 | D:3      | Noticed Natasha
  2230 | D:3      | Killed Natasha
  2642 | D:3      | Noticed Natasha
  2651 | D:3      | Killed Natasha
  3054 | D:4      | Reached skill level 6 in Polearms
  3054 | D:4      | Reached XP level 7. HP: 29/55 MP: 7/7
  3552 | D:4      | Reached skill level 5 in Fighting
  3699 | D:4      | Found a staircase to the Ecumenical Temple.
  3714 | Temple   | Entered the Ecumenical Temple
  3786 | Temple   | Became a worshipper of Trog the Wrathful
  3844 | D:4      | Reached skill level 7 in Polearms
  3991 | D:4      | Found a glowing silver altar of Zin.
  4300 | D:5      | Entered Level 5 of the Dungeon
  4316 | D:5      | Reached XP level 8. HP: 55/63 MP: 8/8
  4487 | D:5      | Found a hazy altar of Hepliaklqana.
  4593 | D:5      | Reached skill level 8 in Polearms
  4601 | D:5      | Reached * piety under Trog
  4843 | D:5      | Slain by an orc warrior

Illustrated notes

Levels and vault maps discovered:
D:1:      minmay_arrival_semitransparent, layout_basic
D:2:      layout_basic, first_ration, kennysheep_generic_room_4
D:3:      layout_loops_ring, serial_forest, infiniplex_forest_corner_1,
          infiniplex_forest_straight_1, infiniplex_forest_lined_2,
          kennysheep_generic_room_10, uniq_natasha
D:4:      kennysheep_kobold_camp, layout_loops_cross,
          lemuel_coloured_pillars_altar, minmay_temple_entry_statues_fountains,
          serial_glass, glass_columns_b, glass_columns_a, glass_columns_a,
          glass_columns_a
D:5:      cheibrodos_iron_armory, layout_loops_cross,
          nicolae_overflow_crystal_walls, guppyfry_early_orc_mine
Temple:   minmay_temple_bridge_abc

Skill      XL: |  1  2  3  4  5  6  7  8 |
---------------+-------------------------+-----
Polearms       | 3 4 5 6 7 8 |  8.2
Fighting       | 3 4 5 6 |  6.2
Throwing       | |  1.7
Dodging        | |  2.6

Action                   |  1- 3 |  4- 6 |  7- 9 || total
-------------------------+-------+-------+-------++-------
Melee: Trident           |   112 |   248 |   241 ||   601
       Kick              |    14 |    46 |    67 ||   127
 Stab: Sleeping          |     1 |       |       ||     1
  Eat: Chunk             |       |     7 |     6 ||    13
Armor: Leather armour    |    12 |       |       ||    12
       Chain mail        |    13 |    95 |    76 ||   184
Dodge: Dodged            |    78 |   137 |   126 ||   341
